Map: Dusk Towers

Players

lIIlllIlIIl - Winner!

  • Race: Terran Terran
  • League: Master
  • Spawn Location: 7:00

Wobsitopian

  • Race: Zerg Zerg
  • League: Diamond
  • Spawn Location: 1:00

VOD

Have the link to the VOD?

Description

Time

  • Played on: May 27, 2016, 12:19 p.m.
  • Length: 19:26
Show
View Real Time Build Order
Export as new Build Order

lIIlllIlIIl Terran - Winner!

Build Orders: Command Center First (CC) 

Get SALT Encoding   

  12  0:01  SCV  
  13  0:13  SCV  
  14  0:17  Supply Depot  
  14  0:25  SCV  
  15  0:39  SCV  
  16  0:51  SCV  
  17  1:00  Command Center  
  17  1:04  SCV  
  18  1:14  Barracks  
  18  1:16  SCV  
  19  1:22  Refinery  
  19  1:28  SCV  
  20  1:33  Refinery  
  20  1:40  SCV  
  20  1:45  Supply Depot  
  21  1:52  SCV  
  22  2:02  Marine  
  22  2:05  Bunker  
  23  2:11  Orbital Command  
  23  2:18  Orbital Command  
  23  2:28  Factory  
  23  2:38  Marine  
  25  2:44  SCV  
  25  2:51  SCV  
  26  2:55  Marine  
  26  2:57  SCV  
  28  3:05  SCV  
  29  3:10  Command Center  
  29  3:12  Factory Tech Lab  
  29  3:16  SCV  
  30  3:21  Starport  
  30  3:22  SCV  
  30  3:26  Marine  
  32  3:28  SCV  
  32  3:33  Siege Tank  
  36  3:37  SCV  
  36  3:40  SCV  
  38  3:41  Supply Depot  
  38  3:49  SCV  
  38  3:52  SCV  
  40  3:56  Engineering Bay  
  40  4:00  Starport Tech Lab  
  40  4:01  SCV  
  41  4:04  SCV  
  41  4:09  Siege Tank  
  45  4:13  SCV  
  45  4:16  SCV  
  47  4:25  Missile Turret  
  47  4:27  SCV  
  47  4:28  SCV  
  47  4:29  Missile Turret  
  49  4:43  SCV x2  
  51  4:48  Corvid Reactor  
  51  4:54  Starport  
  51  4:55  SCV  
  51  4:58  SCV  
  51  4:59  Missile Turret  
  53  5:06  Missile Turret x2  
  53  5:07  SCV, Missile Turret  
  53  5:08  SCV  
  53  5:10  SCV  
  53  5:11  Refinery  
  53  5:14  Missile Turret  
  56  5:19  SCV  
  56  5:20  Command Center, SCV  
  58  5:26  Refinery  
  58  5:33  Explosive Shrapnel Shells  
  58  5:34  Command Center  
  58  5:37  SCV x3  
  58  5:40  Refinery  
  61  5:43  Refinery  
  61  5:49  SCV  
  62  5:51  Planetary Fortress  
  62  5:54  SCV  
  63  6:01  SCV  
  63  6:03  Raven  
  66  6:05  Building Armor  
  66  6:07  SCV  
  67  6:14  SCV  
  68  6:19  Supply Depot  
  68  6:27  SCV  
  69  6:42  Bunker  
  69  6:46  SCV, Supply Depot  
  69  6:47  SCV  
  71  7:01  Raven x2  
  71  7:02  Command Center  
  71  7:03  Command Center  
  71  7:05  SCV x3  
  71  7:06  Starport  
  78  7:08  Starport  
  77  7:17  SCV  
  75  7:31  Planetary Fortress  
  73  7:40  Refinery  
  73  7:42  Planetary Fortress  
  73  7:44  Missile Turret, Refinery  
  73  7:46  Missile Turret  
  73  7:48  SCV x3, Missile Turret  
  73  7:49  Missile Turret  
  76  7:51  Starport Tech Lab x2  
  76  7:53  Raven x2  
  76  7:56  Factory Reactor  
  80  8:00  SCV x3  
  83  8:08  Factory  
  83  8:12  SCV x2  
  85  8:28  SCV x2  
  85  8:29  SCV x3  
  85  8:33  Widow Mine x2  
  94  8:40  SCV, Raven  
  94  8:41  SCV x2, Raven  
  101  8:48  SCV  
  102  9:01  Widow Mine x2  
  106  9:14  Planetary Fortress  
  106  9:21  Raven x2  
  106  9:22  SCV x2  
  112  9:30  Widow Mine x2  
  97  9:54  Raven x2  
  97  9:57  SCV x3  
  97  9:58  SCV x2  
  106  10:03  Raven  
  106  10:04  Raven  
  103  10:20  Command Center x2  
  103  10:23  Command Center  
  101  10:29  Refinery  
  101  10:30  Refinery  
  94  10:37  Raven x2  
  94  10:38  Refinery  
  94  10:42  Missile Turret  
  98  10:46  Raven x2  
  102  11:07  Planetary Fortress  
  102  11:08  SCV  
  102  11:09  SCV x4  
  107  11:16  Command Center  
  107  11:20  SCV, Raven x2  
  107  11:21  SCV x4  
  107  11:23  Missile Turret  
  116  11:29  Raven x2, Refinery  
  116  11:32  Widow Mine  
  120  11:33  SCV x4, Widow Mine  
  120  11:34  Command Center  
  120  11:37  Command Center  
  119  12:01  Widow Mine x2  
  118  12:05  SCV x2  
  118  12:06  SCV x3  
  118  12:08  Raven x2  
  127  12:12  Raven x2  
  135  12:17  SCV  
  135  12:18  SCV x2  
  138  12:29  Command Center, Widow Mine  
  138  12:30  Widow Mine  
  142  12:41  Planetary Fortress  
  140  12:51  Raven x2  
  136  12:55  Raven x2  
  136  12:58  Widow Mine x2  
  144  13:03  SCV x3  
  146  13:26  Widow Mine  
  146  13:27  Widow Mine  
  146  13:34  Raven  
  148  13:38  Refinery  
  150  13:41  Planetary Fortress x2  
  150  13:43  SCV x3  
  150  13:44  SCV x2  
  155  13:55  SCV x2, Widow Mine x2  
  154  13:56  SCV x3, Missile Turret  
  162  14:07  SCV  
  162  14:08  SCV x3  
  166  14:23  Widow Mine  
  166  14:24  Widow Mine  
  166  14:28  Command Center  
  166  14:30  Command Center  
  170  14:31  Refinery  
  170  14:36  Missile Turret, Planetary Fortress  
  170  14:37  Refinery  
  170  14:40  Raven x4  
  178  14:47  Refinery  
  178  14:48  Refinery  
  178  14:52  SCV x2, Missile Turret, Widow Mine x2  
  180  14:55  Missile Turret  
  180  14:56  Missile Turret x2  
  180  14:58  Missile Turret x2  
  184  15:04  SCV, Missile Turret  
  185  15:10  Refinery  
  185  15:19  Missile Turret  
  185  15:22  Raven x2  
  185  15:23  SCV, Raven  
  186  15:35  SCV  
  185  15:38  Raven  
  183  15:47  SCV  
  166  16:05  Raven x3  
  166  16:06  Refinery  
  166  16:07  SCV x3  
  166  16:08  SCV x3  
  178  16:16  Widow Mine  
  178  16:17  Widow Mine  
  182  16:20  Raven  
  184  16:27  Planetary Fortress x2  
  184  16:29  SCV x2  
  184  16:30  Missile Turret  
  186  16:38  Refinery  
  184  16:42  Refinery  
  184  16:45  Widow Mine  
  182  16:48  Raven x2  
  182  16:49  Command Center  
  182  16:51  Command Center  
  182  16:53  Command Center  
  186  16:54  Raven  
  186  16:56  Widow Mine  
  190  17:02  Planetary Fortress x2  
  190  17:03  Raven  
  189  17:08  Refinery  
  189  17:13  Widow Mine  
  189  17:14  Refinery  
  188  17:25  Widow Mine  
  188  17:26  SCV x7  
  197  17:31  Raven  
  199  17:41  Command Center  
  199  17:42  Command Center  
  199  17:50  SCV  
  200  18:04  Planetary Fortress x3  
  200  18:08  Planetary Fortress  
  199  18:37  Missile Turret  
  189  18:52  Starport  
  189  18:53  Starport  
  189  18:54  Starport  
  189  18:57  Starport, Missile Turret  
  189  18:59  Starport  
  189  19:18  Missile Turret  
Show
View Real Time Build Order
Export as new Build Order

Wobsitopian Zerg 

Build Orders: Hatch First 

Get SALT Encoding   

  12  0:01  Drone  
  13  0:12  Overlord  
  13  0:17  Drone  
  14  0:30  Drone x2  
  14  0:34  Drone  
  17  0:54  Hatchery  
  17  0:56  Drone  
  17  1:00  Extractor  
  17  1:01  Drone  
  17  1:16  Spawning Pool  
  16  1:20  Drone  
  16  1:23  Drone  
  18  1:28  Drone  
  19  1:38  Drone  
  20  1:52  Overlord  
  20  2:03  Metabolic Boost, Queen  
  20  2:06  Queen  
  24  2:10  Drone  
  24  2:13  Zergling x2  
  26  2:16  Zergling x2  
  26  2:20  Zergling x2  
  26  2:22  Drone  
  29  2:28  Drone  
  30  2:32  Drone  
  31  2:38  Drone  
  32  2:52  Drone  
  32  2:54  Drone  
  32  2:56  Hatchery  
  33  2:59  Drone  
  33  3:02  Overlord  
  34  3:09  Drone  
  35  3:16  Drone  
  36  3:23  Drone x7  
  43  3:32  Roach Warren  
  42  3:34  Overlord  
  42  3:45  Extractor  
  43  3:53  Queen  
  43  4:01  Drone x4  
  43  4:02  Drone x4  
  50  4:03  Lair  
  50  4:13  Evolution Chamber  
  50  4:14  Queen  
  50  4:16  Evolution Chamber, Drone  
  52  4:17  Drone  
  52  4:22  Drone x3  
  52  4:23  Drone  
  56  4:29  Overlord  
  56  4:39  Overlord x2  
  56  4:42  Zerg Missile Weapons Level 1  
  56  4:43  Zerg Ground Armor Level 1  
  55  4:58  Extractor  
  54  5:02  Extractor, Drone x5  
  54  5:03  Drone x7  
  54  5:04  Drone x2  
  67  5:09  Infestation Pit  
  67  5:11  Roach  
  67  5:13  Glial Reconstitution  
  68  5:23  Roach x2  
  68  5:24  Roach x4  
  80  5:34  Extractor, Drone  
  80  5:35  Extractor, Drone x2  
  82  5:36  Overlord x2  
  82  5:37  Overlord x2  
  81  5:51  Ravager  
  81  5:55  Roach  
  81  5:56  Roach x5  
  94  6:04  Drone  
  94  6:05  Drone x4  
  94  6:06  Pathogen Glands  
  99  6:15  Roach x2  
  99  6:16  Roach  
  99  6:18  Overlord x4  
  105  6:37  Zerg Missile Weapons Level 2  
  105  6:38  Zerg Ground Armor Level 2  
  104  6:51  Ravager  
  104  6:52  Ravager x4  
  109  7:04  Roach  
  109  7:05  Roach x7  
  125  7:11  Hatchery  
  112  7:33  Roach  
  112  7:34  Roach x16  
  146  7:38  Overlord  
  146  7:57  Ravager x5  
  146  7:58  Ravager  
  152  8:03  Extractor  
  151  8:06  Extractor  
  145  8:22  Infestor x2  
  149  8:31  Queen  
  151  8:36  Drone x3  
  151  8:37  Drone x2  
  151  8:38  Drone  
  151  8:39  Roach  
  151  8:40  Overlord x5  
  151  8:41  Overlord x7  
  159  8:42  Overlord  
  159  8:47  Hive  
  150  9:10  Ravager  
  150  9:11  Ravager x9  
  149  9:55  Roach x2  
  149  9:56  Roach x24  
  149  9:58  Overlord  
  149  9:59  Overlord x2  
  199  10:12  Hatchery  
  198  10:17  Roach  
  200  10:23  Ultralisk Cavern  
  182  11:02  Roach x9  
  182  11:03  Roach x3  
  184  11:10  Chitinous Plating  
  184  11:14  Zerg Melee Weapons Level 1, Zerg Ground Armor Level 3  
  184  11:22  Ravager x2  
  184  11:23  Ravager x13  
  134  11:57  Roach  
  134  11:58  Roach x15  
  134  11:59  Roach x10  
  166  12:03  Drone  
  166  12:05  Drone x3  
  166  12:07  Queen  
  172  12:15  Ravager  
  172  12:16  Ravager x5  
  172  12:17  Ravager  
  172  12:20  Drone x4  
  172  12:21  Drone x7  
  190  12:23  Extractor  
  190  12:27  Extractor  
  182  12:51  Ravager x8  
  181  12:52  Ravager x2  
  181  12:53  Roach x2  
  181  12:54  Roach  
  181  12:55  Zergling x8  
  184  13:34  Roach x5  
  184  13:35  Roach x4  
  200  13:53  Zerg Melee Weapons Level 2  
  194  14:15  Infestor x8  
  197  14:18  Roach  
  199  14:58  Extractor  
  199  14:59  Hatchery  
  197  15:00  Extractor  
  197  15:06  Roach  
  192  15:07  Ravager x5  
  192  15:08  Ravager x4  
  199  15:49  Roach x15  
  179  16:04  Roach  
  179  16:09  Ravager x3  
  179  16:10  Ravager x3  
  185  16:18  Ravager  
  185  16:19  Ravager x14  
  136  17:16  Ultralisk x7  
  136  17:17  Ultralisk  
  166  17:31  Roach x6  
  166  17:32  Roach x7  
  166  17:33  Roach x3  
  194  18:15  Ultralisk  
  192  19:04  Spire  
Tags
 
Add a new tag
Caveats
  • Supply blocks, unpowered buildings, or Contaminate may cause inaccurate times.
  • Supply counts are checked every 10 seconds.